 Dungeon Crawl Stone Soup version 0.32-a0-981-g384da2ce10 (webtiles) character file.

Game seed: 10077108490165126340

5191 shadizar the Thaumaturge (level 10, -15/66 (73) HPs)
             Began as a Djinni Fire Elementalist on Apr 20, 2024.
             Was an Initiate of Makhleb.
             Killed from afar by an orc sorcerer (36 damage)
             ... with a bolt of negative energy
             ... in a bailey.
             The game lasted 00:13:34 (9370 turns).

shadizar the Thaumaturge (Djinni Fire Elementalist) Turns: 9370, Time: 00:13:35

HP:   -15/66 (73)   AC: 11    Str: 13    XL:     10   Next: 91%
Gold: 461           EV: 12    Int: 22    God:    Makhleb [......] SH: 10 Dex: 13

rFire   + + +        e - staff of fire
rCold   x . .        m - +1 kite shield
rNeg    . . .        i - +0 steam dragon scales
rPois   ∞            x - +0 helmet
rElec   .            (no cloak)
rCorr   .            h - +0 pair of gloves
SInv    .            (boots unavailable)
Will    +....        (no amulet)
Stlth   ++           r - +4 ring of protection
HPRegen 0.31/turn    o - +6 ring of strength

%: infuse magic (-16 HP)
@: spiked, flying, drained
A: sickness immunity, fire resistance 2, cold vulnerability 1, float, innate
caster, HP casting, extra vitality 1
a: Renounce Religion


You were in a bailey.
You worshipped Makhleb.
Makhleb was noncommittal.
You visited 2 branches of the dungeon, and saw 10 of its levels.
You also visited: Bailey.

You collected 461 gold pieces.

Inventory:

Armour
 d - an orb of mayhem
 h - a +0 pair of gloves (worn)
 i - +0 steam dragon scales (worn)
 m - a +1 kite shield (worn)
 x - a +0 helmet (worn)
 E - the +0 robe "Kogrum" {+Blink rPois rN++ Str-3}
   (You found it on level 6 of the Dungeon)

   Str-3:     It affects your strength (-3).
   rPois:     It protects you from poison.
   rN++:      It greatly protects you from negative energy.
   +Blink:    It lets you blink.
 J - a +1 leather armour of fire resistance
Magical Staves
 e - a staff of fire (weapon)
Jewellery
 o - a +6 ring of strength (right hand)
 r - a +4 ring of protection (left hand)
 G - a ring of resist corrosion
 I - a ring of fire
Wands
 t - a wand of mindburst (10)
 H - a wand of flame (23)
Scrolls
 f - 2 scrolls of teleportation
 p - a scroll of vulnerability
 w - 2 scrolls of amnesia
Potions
 a - a potion of degeneration {unknown}
 b - 5 potions of curing
 c - 2 potions of haste {unknown}
 g - 5 potions of heal wounds
 l - 6 potions of attraction
 s - a potion of berserk rage {unknown}
 z - 3 potions of enlightenment
 D - a potion of might {unknown}


   Skills:
 + Level 6.8 Fighting
 + Level 7.9 Dodging
 - Level 1.5 Stealth
 + Level 6.8 Shields
 + Level 8.2 Spellcasting
 + Level 8.2 Conjurations
 + Level 8.2 Hexes
 + Level 8.2 Summonings
 + Level 8.2 Necromancy
 + Level 8.2 Translocations
 + Level 8.2 Fire Magic
 + Level 8.2 Ice Magic
 + Level 8.2 Air Magic
 + Level 8.2 Earth Magic
 + Level 8.2 Alchemy


You knew the following spells:

 Your Spells              Type           Power      Damage    Failure   Level
a - Foxfire               Conj/Fire      100%       2x1d9     1%          1
b - Scorch                Fire           100%       2d9       1%          2
c - Volatile Blastmotes   Fire/Tloc      100%       2d18      2%          3
d - Inner Flame           Hex/Fire       62%        N/A       2%          3
e - Flame Wave            Conj/Fire      62%        2d14      7%          4
f - Summon Small Mammal   Summ           100%       N/A       1%          1
g - Blink                 Tloc           90%        N/A       1%          2
h - Teleport Other        Tloc           45%        N/A       2%          3
i - Sticky Flame          Fire/Alch      62%        2d10      7%          4
Your spell library was empty.

Dungeon Overview and Level Annotations

Branches:
Dungeon (9/15)             Temple (1/1) D:5             Orc (0/2) D:9
 Bailey (1/1)
   Lair: D:8-11

Altars:
Ashenzari
Dithmenos
Fedhas
Gozag
Makhleb
Nemelex Xobeh
Okawaru
Qazlal
Ru
Uskayaw
Xom
Yredelemnul
Zin
The Shining One

Shops:
D:3 =

Annotations:
D:5 3 runed translucent doors, Iidacon's ghost, amateur FeBe; Konar's ghost, novice CoHu
D:7 1 runed translucent door, Crazy Yiuf


Innate Abilities, Weirdness & Mutations

You are immune to sickness and miasma.
You are immune to poison.
Your flesh is very heat resistant. (rF++)
You are vulnerable to cold. (rC-)
You float through the air rather than walking.
You learn spells naturally, not from books.
Your magical power is your life essence.
You have superior vitality. (+4 MHP)


Message History

The foxfire hits the orc sorcerer but does no damage.
The orc sorcerer is lightly wounded.
The foxfire hits the orc sorcerer but does no damage.
The orc sorcerer is lightly wounded.
The orc sorcerer is engulfed in a cloud of scalding steam.
You feel a surge of power!
You conjure some foxfire!
The orc sorcerer no longer looks unusually strong.
The foxfire hits the orc sorcerer.
The orc sorcerer is moderately wounded.
The foxfire hits the red devil.
The red devil completely resists.
Unknown command.
You feel a surge of power!
You conjure some foxfire!
The foxfire hits the red devil.
The red devil completely resists.
The foxfire hits the orc sorcerer but does no damage.
The orc sorcerer is moderately wounded.
The orc knight roars a battlecry!
The orc sorcerer goes into a battle-frenzy!
Unknown command.
You feel a surge of power!
You conjure some foxfire!
The foxfire hits the orc sorcerer.
The orc sorcerer is moderately wounded.
The foxfire hits the red devil.
The red devil completely resists.
The orc sorcerer is engulfed in a cloud of scalding steam.
The orc sorcerer casts a spell at you. The bolt of negative energy hits you!
You feel drained.
The bolt of negative energy misses your foxfire.
You block the red devil's attack.
Your foxfire dissipates!
The foxfire hits the red devil.
The red devil completely resists.
The red devil attacks as it pursues you!
The red devil hits you from afar with a +0 trident!
Barbed spikes become lodged in your body.
Unknown command.
Okay, then.
The barbed spikes dig painfully into your body as you move.
* * * LOW HITPOINT WARNING * * *
The orc sorcerer casts a spell at you. The bolt of negative energy hits you!!!
You feel drained.
Ouch! That really hurt!
You die...

#≈≈≈≈≈~.#..ß.ß..#.
#≈≈≈≈≈~.#########
#≈≈≈≈≈~.#..#
#≈≈≈≈≈o.#))#
#≈≈≈≈≈o.#))+
#≈≈§4≈#.##########
#≈§≈≈≈#....#.....'
#≈≈≈≈≈#....'.....#
#@≈≈≈≈#'#.)#######
#≈≈≈≈≈#.#..))))..§
#≈≈≈≈≈######~))~)§
#≈≈≈≈≈≈≈≈≈≈≈≈≈≈≈≈§
#≈≈≈≈≈≈≈≈≈≈≈≈≈≈≈≈≈
#≈≈≈≈≈≈≈≈≈≈≈≈≈≈≈≈≈
#≈≈≈≈≈≈≈≈≈≈≈≈v≈≈≈≈
#≈≈≈≈≈≈≈≈≈≈≈≈≈≈≈≈≈
#≈≈≈≈≈≈≈≈≈≈≈≈≈≈≈≈≈


You could see an orc knight, an orc sorcerer (strong) and a red devil
(summoned).

Vanquished Creatures
  An ugly thing (D:7)
  A kobold demonologist (Bailey)
  Psyche (D:8)
  6 yaks (D:8)
  A vampire mosquito (D:7)
  2 steam dragons (D:8)
  2 water moccasins
  8 orc warriors
  5 black bears
  An ice beast (D:7)
  A kobold brigand (D:7)
  2 phantoms (D:6)
  2 bullfrogs (D:7)
  A scorpion (D:5)
  5 wights
  5 howler monkeys
  An electric eel (Bailey)
  A bombardier beetle (D:6)
  2 jellies (D:7)
  2 hounds
  An iguana (D:6)
  Natasha (thrice) (D:3)
  2 orc wizards
  6 gnolls
  6 adders
  2 white imps
  2 ufetubi (D:6)
  3 dart slugs
  A ribbon worm (D:2)
  33 orcs
  5 ball pythons
  6 endoplasms
  2 giant cockroaches
  15 goblins
  7 hobgoblins
  8 jackals
  11 kobolds
  3 quokkas
  5 bats
  2 frilled lizards (D:1)
  13 rats
186 creatures vanquished.

Vanquished Creatures (others)
  A hobgoblin (Bailey)
  A butterfly (D:9)
  924 foxfires
926 creatures vanquished.

Grand Total: 1112 creatures vanquished

Notes
Turn   | Place    | Note
-------+----------+-------------------------------------------
     0 | D:1      | shadizar the Djinni Fire Elementalist began the quest for
                  | the Orb.
     0 | D:1      | shadizar set off with the following spells memorised:
                  | Foxfire, Scorch, Volatile Blastmotes, Inner Flame, Flame
                  | Wave.
     0 | D:1      | Reached XP level 1. HP: 15/15 MP: 0/0
   238 | D:1      | Reached XP level 2. HP: 21/21 MP: 0/0
   412 | D:1      | Reached XP level 3. HP: 19/25 MP: 0/0
   412 | D:1      | Learned a level 1 spell: Summon Small Mammal
  1303 | D:2      | Reached XP level 4. HP: 29/31 MP: 0/0
  1758 | D:2      | Found a faded altar of an unknown god.
  2246 | D:3      | Noticed Natasha
  2252 | D:3      | Killed Natasha
  2253 | D:3      | Reached XP level 5. HP: 26/35 MP: 0/0
  2253 | D:3      | Learned a level 2 spell: Blink
  2253 | D:3      | Noticed Natasha
  2264 | D:3      | Killed Natasha
  2425 | D:3      | Noticed Natasha
  2431 | D:3      | Killed Natasha
  2432 | D:3      | Reached skill level 5 in Spellcasting
  2432 | D:3      | Reached skill level 5 in Conjurations
  2432 | D:3      | Reached skill level 5 in Hexes
  2432 | D:3      | Reached skill level 5 in Summonings
  2432 | D:3      | Reached skill level 5 in Necromancy
  2432 | D:3      | Reached skill level 5 in Translocations
  2432 | D:3      | Reached skill level 5 in Fire Magic
  2432 | D:3      | Reached skill level 5 in Ice Magic
  2432 | D:3      | Reached skill level 5 in Air Magic
  2432 | D:3      | Reached skill level 5 in Earth Magic
  2432 | D:3      | Reached skill level 5 in Alchemy
  2465 | D:3      | Found Sureitsu's Jewellery Shop.
  2502 | D:3      | Reached XP level 6. HP: 18/40 MP: 0/0
  2784 | D:3      | Found a shadowy altar of Dithmenos.
  2930 | D:4      | Found a blossoming altar of Fedhas.
  2957 | D:4      | Noticed a black bear
  2962 | D:4      | Killed a black bear
  3002 | D:4      | Noticed a black bear
  3006 | D:4      | Killed a black bear
  3007 | D:4      | Reached XP level 7. HP: 37/45 MP: 0/0
  3007 | D:4      | Learned a level 3 spell: Teleport Other
  3850 | D:5      | Entered Level 5 of the Dungeon
  3872 | D:5      | Found a staircase to the Ecumenical Temple.
  3894 | Temple   | Entered the Ecumenical Temple
  4083 | D:5      | Found a runed translucent gate.
  4087 | D:5      | Found a runed translucent gate.
  4087 | D:5      | Noticed Iidacon's ghost (amateur FeBe)
  4088 | D:5      | Found a runed translucent gate.
  4089 | D:5      | Noticed Konar's ghost (novice CoHu)
  4352 | D:5      | Found a glowing golden altar of the Shining One.
  4900 | D:6      | Reached skill level 1 in Fighting
  4900 | D:6      | Reached skill level 1 in Shields
  4988 | D:6      | Noticed a water moccasin
  4995 | D:6      | Killed a water moccasin
  4996 | D:6      | Reached XP level 8. HP: 46/54 MP: 0/0
  5107 | D:6      | Identified the +0 robe "Kogrum" {+Blink rPois rN++ Str-3}
  5246 | D:6      | Found a broken altar of Ashenzari.
  5248 | D:6      | Found a sparkling altar of Nemelex Xobeh.
  6034 | D:7      | Reached XP level 9. HP: 37/61 MP: 0/0
  6034 | D:7      | Learned a level 4 spell: Sticky Flame
  6128 | D:7      | Found a glowing silver altar of Zin.
  6168 | D:7      | Noticed a brown ugly thing
  6177 | D:7      | Reached skill level 5 in Dodging
  6197 | D:7      | Killed a brown ugly thing
  6789 | D:7      | Found a runed translucent door.
  6790 | D:7      | Noticed Crazy Yiuf
  7094 | D:8      | Reached skill level 5 in Fighting
  7094 | D:8      | Reached skill level 5 in Shields
  7243 | D:8      | Found a burning altar of Makhleb.
  7397 | D:8      | Became a worshipper of Makhleb the Destroyer
  7957 | D:8      | Noticed Psyche
  7961 | D:8      | Killed Psyche
  7962 | D:8      | Reached XP level 10. HP: 64/70 MP: 0/0
  8877 | D:9      | Found a flagged portal.
  8944 | Bailey   | Entered a bailey
  9095 | Bailey   | Noticed a kobold demonologist
  9129 | Bailey   | Noticed a rust devil
  9190 | Bailey   | Killed a kobold demonologist
  9341 | Bailey   | Found an iron altar of Okawaru.
  9341 | Bailey   | Noticed an orc sorcerer
  9341 | Bailey   | Noticed an orc knight
  9341 | Bailey   | Paralysed by an orc sorcerer for 4 turns
  9370 | Bailey   | Killed from afar by an orc sorcerer

Illustrated notes

Levels and vault maps discovered:
D:1:      eino_arrival_water_star, layout_basic, st_stairs_11,
          kennysheep_pointless_box
D:2:      layout_loops_cross, basic_altar, chequers_ecumenical_altar_twisty
D:3:      layout_basic, mainiacjoe_overflow_catch_the_wave, serial_shops,
          nicolae_shop_real_fake_doors, minmay_misc_feat_doors,
          minmay_misc_feat_pillars, hangedman_decor_push, uniq_natasha
D:4:      layout_loops_ring, mainiacjoe_overflow_24_doors, kennysheep_path_1
D:5:      layout_loops_corners, tso_altar, minmay_temple_entry_slanted,
          gammafunk_ghost_cemetery, chequers_decorated_corner
D:6:      layout_cave_pools, nicolae_overflow_hidden_temple
D:7:      layout_basic, amcnicky_altar_gilded, minmay_chambers_of_fives,
          uniq_crazy_yiuf_cottage
D:8:      layout_basic, nicolae_overflow_crystal_walls, st_stairs_9,
          dreamdust_wishing_well, uniq_psyche
D:9:      layout_long_grid, trog_book, kennysheep_slug_shrine,
          nicolae_elyvilon_peaceful_grove, jmf_multi_god_temple,
          zombieorc2_lemuel, enter_bailey_8, nicolae_diode_basic
Temple:   hellmonk_temple_beads
Bailey:   bailey_axe_of_yendor_kennysheep, bailey

Skill      XL: |  1  2  3  4  5  6  7  8  9 10 |
---------------+-------------------------------+-----
Spellcasting   | 4 5 6 7 8 |  8.2
Conjurations   | 4 5 6 7 8 |  8.2
Hexes          | 4 5 6 7 8 |  8.2
Summonings     | 4 5 6 7 8 |  8.2
Necromancy     | 4 5 6 7 8 |  8.2
Translocations | 4 5 6 7 8 |  8.2
Fire Magic     | 4 5 6 7 8 |  8.2
Ice Magic      | 4 5 6 7 8 |  8.2
Air Magic      | 4 5 6 7 8 |  8.2
Earth Magic    | 4 5 6 7 8 |  8.2
Alchemy        | 4 5 6 7 8 |  8.2
Fighting       | 2 3 5 6 |  6.8
Shields        | 2 3 5 6 |  6.8
Dodging        | 3 4 6 7 |  7.9
Stealth        | |  1.5

Action                     |  1- 3 |  4- 6 |  7- 9 | 10-12 || total
---------------------------+-------+-------+-------+-------++-------
  Melee: Unarmed           |     1 |     2 |    21 |       ||    24
   Cast: Foxfire           |   128 |   126 |   257 |    80 ||   591
         Scorch            |     1 |    14 |    13 |       ||    28
         Sticky Flame      |       |       |     9 |    28 ||    37
         Volatile Blastmot |       |       |       |     8 ||     8
         Flame Wave        |       |       |       |     6 ||     6
    Use: Scroll            |       |       |    18 |     1 ||    19
 Armour: Robe              |     7 |    15 |    22 |       ||    44
         Steam dragon scal |       |       |       |    21 ||    21
  Dodge: Dodged            |     5 |     9 |    20 |    11 ||    45
  Block: Kite shield       |       |       |     5 |    24 ||    29

Table legend: (Time is in decaauts)
 A = Elapsed time spent in this place.
 B = Non-inter-level travel time spent in this place.
 C = Inter-level travel time spent in this place.
 D = Time resting spent in this place.
 E = Time spent auto-exploring this place.
 F = Levels seen in this place.
 G = Mean time per level.
                   A        B        C        D        E       F      G
               +--------+--------+--------+--------+--------+-----+--------+
         Total |   9378 |   9048 |    330 |      0 |   7447 |  11 |  852.5 |
       Dungeon |   8950 |   8620 |    330 |      0 |   7196 |   9 |  994.4 |
        Temple |      1 |      1 |      0 |      0 |      0 |   1 |    1.0 |
        Bailey |    425 |    425 |      0 |      0 |    251 |   1 |  425.0 |
               +--------+--------+--------+--------+--------+-----+--------+

Top non-repeatable levels by time:
     D:8: 1935 daAuts
     D:7: 1265 daAuts
     D:5: 1043 daAuts
     D:2: 999 daAuts
     D:1: 980 daAuts
     D:4: 953 daAuts
     D:3: 925 daAuts
     D:6: 659 daAuts
  Bailey: 425 daAuts
     D:9: 187 daAuts
  Temple: 1 daAuts
